 Dungeon Crawl Stone Soup version 0.28-a0-723-g095bd1b44f (webtiles) character file.

Game seed: 10086315842018375989

60 ytrimaz the Grave Robber (level 3, -2/24 HPs)
             Began as a Demonspawn Necromancer on Oct 25, 2021.
             Slain by a quokka (3 damage)
             ... on level 3 of the Dungeon.
             The game lasted 00:03:55 (2734 turns).

ytrimaz the Grave Robber (Demonspawn Necromancer)   Turns: 2734, Time: 00:03:56

Health: -2/24      AC:  5    Str: 10    XL:     3   Next: 82%
Magic:  2/7        EV: 11    Int: 17    God:
Gold:   95         SH:  0    Dex: 13    Spells: 3/7 levels left

rFire   . . .      SeeInvis .   (no weapon)
rCold   . . .      Faith    .   (no shield)
rNeg    . . .      Spirit   .   c - +2 leather armour of Untruth {Str+2}
rPois   .          Reflect  .   (no helmet)
rElec   .          Harm     .   (no cloak)
rCorr   .          Rampage  .   (no gloves)
Will    .....                   (no boots)
Stlth   ++........              (no amulet)
HPRegen 0.08/turn               (no ring)
MPRegen 0.10/turn               (no ring)

@: studying Crossbows
A: ignite blood 1, powered by pain 1
a: no special abilities


You were on level 3 of the Dungeon.
You visited 1 branch of the dungeon, and saw 3 of its levels.

You collected 95 gold pieces.

Inventory:

Missiles
 a - a throwing net
Armour
 c - the +2 leather armour of Untruth (worn) {Str+2}
   (You found it on level 1 of the Dungeon)

   Str:       It affects your strength (+2).


   Skills:
 - Level 1.7 Dodging
 - Level 1.7 Stealth
 + Level 2.8 Spellcasting
 + Level 5.4 Necromancy


You had 3 spell levels left.
You knew the following spells:

 Your Spells              Type           Power      Damage    Failure   Level
a - Pain                  Necr           84%        1d8       2%          1
b - Vampiric Draining     Necr           10%        2d7       8%          3

Your spell library contained the following spells:

 Spells                   Type           Power      Damage    Failure   Level
 Animate Skeleton         Necr           42%        N/A       2%          1
 Ensorcelled Hibernation  Hex/Ice        4%         N/A       36%         2
 Tukima's Dance           Hex            2%         N/A       58%         3
 Animate Dead             Necr           10%        N/A       26%         4
 Agony                    Necr           21%        N/A       56%         5


Dungeon Overview and Level Annotations

Branches:
Dungeon (3/15)

Altars:


Innate Abilities, Weirdness & Mutations

Your demonic aura sometimes causes spilled blood to erupt in flames.
You sometimes gain a little power by taking damage.


Message History

The spell is quite dangerous to cast (8% risk of failure)!
Continue anyway?
Aiming: Vampiric Draining (quite dangerous; 8% risk of failure)
Press: ? - help, Shift-Dir - straight line, f - adder
Aim: an adder You miscast Vampiric Draining.
You are very lightly contaminated with residual magic.
Nothing appears to happen.
The adder bites you but does no damage. The adder closely misses you.
An adder and an endoplasm come into view.
The endoplasm quivers.
The adder hisses angrily.
Found a stone staircase leading down.
The adder closely misses you.
An iguana comes into view.
The iguana hisses angrily.
A goblin comes into view. It is wielding a +0 dagger.
You aren't carrying any potions.
You aren't carrying any scrolls.
Unknown command. 2 quokkas come into view.
Found 2 scrolls labelled TAEHUS TUJU.
A quokka comes into view.
The goblin shouts!
Found 31 sling bullets.
The iguana bites you. The adder barely misses you.
The quokka bites you but does no damage.
Your magical contamination has completely faded away.
The quokka misses you. The goblin hits you but does no damage.
The quokka barely misses you. The quokka closely misses you.
The quokka bites you but does no damage.
The quokka closely misses you.
There is a stone staircase leading down here.
The quokka bites you.
* * * LOW HITPOINT WARNING * * *
You hit the endoplasm.
The endoplasm is moderately wounded.
The endoplasm freezes you.
You are frozen.
* * * LOW HITPOINT WARNING * * *
The quokka bites you.
You die...

#......S.# ...#
##Sr##..##....#
#g###.....?..#
#.# ##S#####.#
#l# #.#
#.######.#
#o#####.##
.......S.#
#...S.J...
.#####rr#
##.#.#.## #@.#
#.#.#
#J.#####.#.#
...........# # #
##..#####.###
###.#. #..# #.#
J...).##..# #.#
....))(...# #.#
......#.$######.#
###....#<.o.o...#


You could see an iguana, 2 adders, an endoplasm, 3 quokkas and a goblin.

Vanquished Creatures
  2 gnolls (D:2)
  A worm (D:2)
  3 orcs (D:3)
  2 bats
  An endoplasm (D:1)
  A giant cockroach (D:2)
  4 goblins
  3 hobgoblins
  3 quokkas
  6 ball pythons
  3 frilled lizards (D:1)
  2 kobolds (D:1)
  2 rats (D:1)
33 creatures vanquished.

Notes
Turn   | Place    | Note
-------+----------+-------------------------------------------
     0 | D:1      | ytrimaz the Demonspawn Necromancer began the quest for the
                  | Orb.
     0 | D:1      | Reached XP level 1. HP: 13/13 MP: 3/3
   437 | D:1      | Gained mutation: You sometimes gain a little power by
                  | taking damage. [demonic ancestry]
   437 | D:1      | Reached XP level 2. HP: 15/19 MP: 0/5
   807 | D:1      | Identified the +2 leather armour of Untruth {Str+2}
   942 | D:1      | Reached skill level 5 in Necromancy
  1176 | D:2      | Gained mutation: Your demonic aura sometimes causes spilled
                  | blood to erupt in flames. [demonic ancestry]
  1176 | D:2      | Reached XP level 3. HP: 19/24 MP: 0/6
  1360 | D:2      | Learned a level 3 spell: Vampiric Draining
  2146 | D:2      | Found a faded altar of an unknown god.
  2734 | D:3      | HP: 1/24 [frozen (4)]
  2734 | D:3      | Slain by a quokka

Illustrated notes

Levels and vault maps discovered:
D:1:      zelgadis_glass_arrival_small, layout_basic, kennysheep_small_spiral,
          minmay_tetromino_o4
D:2:      layout_basic, ebering_ecumenical_altar_ruins
D:3:      layout_loops_ring, serial_bayou_lagoon_a, st_stairs_5,
          amcnicky_mini_corridor_feature, minmay_lizard_king, uniq_terence

Skill      XL: |  1  2 |
---------------+-------+-----
Necromancy     | 5 |  5.4
Dodging        | |  1.7
Stealth        | |  1.7
Spellcasting   | |  2.8

Action                   || total
-------------------------++-------
Melee: Unarmed           ||    14
 Cast: Pain              ||    80
       Vampiric Draining ||     4
  Use: Scroll            ||     3
Armor: Robe              ||     1
       Leather armour    ||    13
Dodge: Dodged            ||    33

Table legend: (Time is in decaauts)
 A = Elapsed time spent in this place.
 B = Non-inter-level travel time spent in this place.
 C = Inter-level travel time spent in this place.
 D = Time resting spent in this place.
 E = Time spent auto-exploring this place.
 F = Levels seen in this place.
 G = Mean time per level.
                   A        B        C        D        E       F      G
               +--------+--------+--------+--------+--------+-----+--------+
         Total |   2736 |   2630 |    106 |    410 |   1607 |   3 |  912.0 |
       Dungeon |   2736 |   2630 |    106 |    410 |   1607 |   3 |  912.0 |
               +--------+--------+--------+--------+--------+-----+--------+

Top non-repeatable levels by time:
     D:1: 1581 daAuts
     D:2: 1112 daAuts
     D:3: 42 daAuts
